 Dungeon Crawl Stone Soup version 0.30-a0-778-g2ef04afb54 (webtiles) character file.

Game seed: 16743415817030037881

4723 Smoke131 the Thrower (level 10, -7/91 HPs)
             Began as an Ogre Gladiator on Feb 16, 2023.
             Was a Believer of Okawaru.
             Mangled by a polar bear (17 damage)
             ... on level 8 of the Dungeon.
             The game lasted 00:41:29 (9438 turns).

Smoke131 the Thrower (Ogre Gladiator)               Turns: 9438, Time: 00:41:29

Health: -7/91      AC:  9    Str: 20      XL:     10   Next: 45%
Magic:  15/15      EV: 10    Int:  9      God:    Okawaru [**....]
Gold:   246        SH:  0    Dex: 12 (14) Spells: 9/9 levels left

rFire   . . .      SeeInvis .    w - +1 long sword (elec)
rCold   . . .      Faith    .    (no shield)
rNeg    + . .      Spirit   .    P - +0 steam dragon scales
rPois   +          Reflect  .    c - +0 hat
rElec   .          Harm     .    R - +2 cloak
rCorr   .          Rampage  .    (gloves unavailable)
Will    +....                    (boots unavailable)
Stlth   +                        t - amulet of regeneration
HPRegen 1.15/turn                h - ring of positive energy
MPRegen 0.14/turn                e - ring of poison resistance

@: no status effects
A: large, unfitting armour, tough skin 1
a: Renounce Religion, Heroism


You were on level 8 of the Dungeon.
You worshipped Okawaru.
Okawaru was pleased with you.
You visited 2 branches of the dungeon, and saw 9 of its levels.
You also visited: Sewer.

You collected 380 gold pieces.
You spent 134 gold pieces at shops.

Inventory:

Hand Weapons
 w - a +1 long sword of electrocution (weapon)
Missiles
 d - 4 throwing nets
 f - 51 stones
 i - 2 atropa-tipped darts
 p - a boomerang (quivered)
 F - 5 curare-tipped darts
Armour
 b - a +0 robe
 c - a +0 hat (worn)
 G - a +0 tower shield
 P - +0 steam dragon scales (worn)
 R - a +2 cloak (worn)
Jewellery
 e - a ring of poison resistance (right hand)
 h - a ring of positive energy (left hand)
 o - the amulet of Elemental Vulnerability {rPois rF-- rC-- AC+8}
   (You found it on level 3 of the Dungeon)

   [amulet of nothing]

   AC:        It affects your AC (+8).
   rF:        It makes you very vulnerable to fire.
   rC:        It makes you very vulnerable to cold.
   rPois:     It protects you from poison.
 t - an amulet of regeneration (around neck)
 u - a ring of protection from fire
 z - a ring of flight
Wands
 q - a wand of iceblast (24)
 x - a wand of mindburst (11)
 D - a wand of flame (11)
 M - a wand of quicksilver (7)
 T - a wand of paralysis (8)
Scrolls
 g - a scroll of silence
 n - a scroll of immolation
 y - a scroll of enchant armour {unknown}
 A - a scroll of enchant weapon {unknown}
 B - 2 scrolls of fear
 E - a scroll of butterflies
 H - a scroll of blinking {unknown}
 I - 3 scrolls of teleportation
 L - a scroll of poison
 Q - a scroll of fog
Potions
 k - a potion of flight
 l - a potion of haste
 m - 3 potions of brilliance
 r - 3 potions of mutation
 s - 3 potions of curing
 v - a potion of resistance
 C - a potion of might
 J - 2 potions of attraction
 N - a potion of lignification {unknown}
 O - 2 potions of ambrosia {unknown}
 S - a potion of berserk rage {unknown}


   Skills:
 - Level 3.0 Fighting
 - Level 3.0 Polearms
 + Level 13.1 Throwing
 - Level 3.0 Dodging
 + Level 7.8 Invocations


You had 9 spell levels left.
You didn't know any spells.
Your spell library contained the following spells:

 Spells                   Type           Power      Damage    Failure   Level
 Inner Flame              Hex/Fire       0%         N/A       77%         3
 Cause Fear               Hex            0%         N/A       99%         4
 Passage of Golubria      Tloc           0%         N/A       99%         4
 Yara's Violent Unravell  Hex/Tmut       0%         3d3       100%        5
 Discord                  Hex            0%         N/A       100%        8
 Tukima's Dance           Hex            Unusable   N/A       N/A         3

Dungeon Overview and Level Annotations

Branches:
Dungeon (8/15)             Temple (1/1) D:7            Lair (0/5) D:8
  Sewer (visited)

Altars:
Ashenzari
Cheibriados
Dithmenos
Elyvilon
Fedhas
Gozag
Hepliaklqana
Kikubaaqudgha
Makhleb
Nemelex Xobeh
Okawaru
Qazlal
Ru
Sif Muna
Trog
Uskayaw
Vehumet
Wu Jian
Xom
Yredelemnul
Zin
The Shining One

Shops:
D:2 ?=:(   D:5 :![=?


Innate Abilities, Weirdness & Mutations

You are too large for most types of armour.
You have tough skin. (AC +1)


Message History

The polar bear claws you. The polar bear bites you!!
The polar bear closely misses you. The polar bear claws you.
As you read the scroll of fear, it crumbles to dust.
You assume a fearsome visage.
The polar bear is unaffected.
The bullfrog looks frightened!
The polar bear bites you!
* * * LOW HITPOINT WARNING * * *
The polar bear claws you.
* * * LOW HITPOINT WARNING * * *
The polar bear barely misses you. The polar bear bites you.
* * * LOW HITPOINT WARNING * * *
The polar bear claws you but does no damage. x2
You feel much better. The polar bear bites you!!
* * * LOW HITPOINT WARNING * * *
The polar bear claws you.
* * * LOW HITPOINT WARNING * * *
The polar bear claws you but does no damage.
Hit: w) +1 long sword (elec)
Press: ? - help, Dir - move target, f/p - polar bear
Aim: a polar bear (severely wounded, berserk, poisoned, about 35% to evade your +1 long sword of electrocution)
You hit the polar bear but do no damage.
The polar bear is severely wounded.
The polar bear bites you.
* * * LOW HITPOINT WARNING * * *
The polar bear claws you but does no damage.
The polar bear barely misses you. x2; The polar bear closely misses you.
The polar bear claws you.
* * * LOW HITPOINT WARNING * * *
Aiming: Paralyse
Press: ? - help, Shift-Dir - straight line, f/p - polar bear
Aim: a polar bear (severely wounded, berserk, poisoned, chance to affect: 49%)
Okay, then.
Unknown command.
Aiming: Quicksilver Bolt
Press: ? - help, Shift-Dir - straight line, f/p - polar bear
Aim: a polar bear (severely wounded, berserk, poisoned, 79% to hit)
The bolt of dispelling energy hits the polar bear!
The polar bear is almost dead.
The polar bear bites you!
You die...

#(. ##.# .. #.. #...
...# . #.. #.(.# #..
^#### #..
.#..(##.##^#..# #..
.h......#..#..## #..
....##....##...# #.. .
##.###..#.#######..
#h##..##..........
#@#...##.#........
#....##..#.[...<..
##..#..~...#.......
#...#........#.....
#..................
####......~.~.........
#..#...............~..
###......#...#.#......
##...[..##..##........


You could see a polar bear (berserk, poisoned).

Vanquished Creatures
  Maurice (D:7)
  Joseph (D:8)
  A rime drake (D:7)
  Maggie (D:7)
  A hornet (D:7)
  A wyvern (D:8)
  A steam dragon (D:7)
  Edmund (D:6)
  The ghost of hgbash the Digger, an amateur GrEE (D:3)
  A water moccasin (Sewer)
  7 ice beasts
  2 sky beasts
  A black bear (D:6)
  3 ogres
  A wolf (D:7)
  A centaur (D:8)
  A kobold brigand (D:7)
  2 bullfrogs
  3 scorpions
  2 wights (D:7)
  A howler monkey (D:7)
  A quasit (D:8)
  A jelly (D:6)
  4 hounds
  5 orc priests
  4 iguanas
  6 orc wizards
  3 gnolls
  6 adders
  2 river rats (D:6)
  A shadow imp (D:6)
  A white imp (D:7)
  5 ufetubi
  7 dart slugs
  28 orcs
  11 ball pythons
  2 bats
  9 endoplasms
  5 giant cockroaches
  8 goblins
  10 hobgoblins
  8 jackals
  4 quokkas
  4 frilled lizards
  8 kobolds
  8 rats
185 creatures vanquished.

Vanquished Creatures (others)
  6 demonic plants (D:8)
  8 fungi (D:8)
14 creatures vanquished.

Grand Total: 199 creatures vanquished

Notes
Turn   | Place    | Note
-------+----------+-------------------------------------------
     0 | D:1      | Smoke131 the Ogre Gladiator began the quest for the Orb.
     0 | D:1      | Reached XP level 1. HP: 22/22 MP: 1/1
   142 | D:1      | Reached XP level 2. HP: 31/31 MP: 2/2
   383 | D:1      | Reached XP level 3. HP: 32/37 MP: 3/3
   595 | D:1      | Reached skill level 3 in Throwing
  1062 | D:2      | Found Paijec's Magic Scroll Shoppe.
  1075 | D:2      | Found Fiwocin's Jewellery Shoppe.
  1121 | D:2      | Reached XP level 4. HP: 35/45 MP: 4/4
  1243 | D:2      | Reached skill level 4 in Throwing
  1343 | D:2      | Found Doth's Book Shop.
  1503 | D:2      | Found Fuusyrr's Weapon Boutique.
  1739 | D:2      | Bought a scroll of identify for 28 gold pieces
  1739 | D:2      | Bought a scroll of identify for 28 gold pieces
  1872 | D:3      | Found the amulet of Elemental Vulnerability {rPois rF--
                  | rC-- AC+8}
  1959 | D:3      | Reached XP level 5. HP: 20/53 MP: 5/5
  2149 | D:3      | Reached skill level 5 in Throwing
  2583 | D:3      | Noticed an ogre
  2588 | D:3      | Found a runed translucent door.
  2614 | D:3      | Killed an ogre
  2615 | D:3      | Reached skill level 6 in Throwing
  2615 | D:3      | Reached XP level 6. HP: 61/61 MP: 6/6
  2676 | D:3      | Noticed hgbash's ghost (amateur GrEE)
  2818 | D:3      | Killed hgbash's ghost
  2911 | D:4      | Reached skill level 7 in Throwing
  3201 | D:4      | Reached XP level 7. HP: 64/67 MP: 7/7
  3358 | D:4      | Found a blossoming altar of Fedhas.
  3838 | D:4      | Reached skill level 8 in Throwing
  4028 | D:5      | Entered Level 5 of the Dungeon
  4028 | D:5      | Found Houdofag's Jewellery Emporium.
  4286 | D:5      | Found Faubleri's Armour Shoppe.
  4351 | D:5      | Found Buranov's Distillery.
  4385 | D:5      | Found Egaikh's Magic Scroll Emporium.
  4389 | D:5      | Bought a scroll of identify for 26 gold pieces
  4389 | D:5      | Bought a scroll of identify for 26 gold pieces
  4389 | D:5      | Bought a scroll of identify for 26 gold pieces
  4399 | D:5      | Found a shimmering blue altar of Sif Muna.
  4541 | D:5      | Reached skill level 9 in Throwing
  4541 | D:5      | Reached XP level 8. HP: 50/75 MP: 8/8
  4735 | D:5      | Found Lynaibb's Book Boutique.
  5137 | D:6      | Reached skill level 10 in Throwing
  5250 | D:6      | Noticed Edmund
  5271 | D:6      | Killed Edmund
  5503 | D:6      | Found a glowing drain.
  5507 | Sewer    | Entered a sewer
  5831 | D:6      | Reached skill level 11 in Throwing
  5831 | D:6      | Reached XP level 9. HP: 76/81 MP: 9/9
  6180 | D:7      | Found a staircase to the Ecumenical Temple.
  6189 | Temple   | Entered the Ecumenical Temple
  6577 | Temple   | Became a worshipper of Warmaster Okawaru
  6715 | D:7      | Reached skill level 1 in Invocations
  6716 | D:7      | HP: 2/81 [kobold/+0 short sword (3)]
  7516 | D:7      | Noticed Maggie
  7647 | D:7      | Noticed a hornet
  7649 | D:7      | Killed Maggie
  7661 | D:7      | Killed a hornet
  7789 | D:7      | Reached * piety under Okawaru
  8018 | D:7      | Reached skill level 12 in Throwing
  8381 | D:8      | Noticed Maurice
  8416 | D:7      | Reached skill level 5 in Invocations
  8446 | D:8      | Noticed a rime drake
  8832 | D:7      | Reached XP level 10. HP: 65/90 MP: 14/14
  8839 | D:7      | Killed Maurice
  8839 | D:7      | Reached ** piety under Okawaru
  9042 | D:8      | Noticed Joseph
  9195 | D:8      | Paralysed by Joseph for 4 turns
  9201 | D:8      | Killed Joseph
  9202 | D:8      | Reached skill level 13 in Throwing
  9277 | D:8      | Found a staircase to the Lair.
  9438 | D:8      | Mangled by a polar bear

Illustrated notes

Levels and vault maps discovered:
D:1:      erik_arrival_triangle_small, layout_loops_cross,
          hangedman_decor_points, minmay_indecisive_spiral
D:2:      layout_basic, serial_shops, shop, nicolae_lakefront_shop,
          nicolae_shop_stone, shop
D:3:      layout_basic, hellmonk_ghost_happy_afterlife
D:4:      layout_basic, mainiacjoe_overflow_six_doors_small
D:5:      layout_loops_ring, old_standard_altar, serial_shops,
          nicolae_shop_hallway_stairs, nicolae_shop_crystal, shop,
          nicolae_shop_temple_entry_statues_fountains, shop
D:6:      layout_basic, portal_sewer_entry_e, uniq_edmund
D:7:      layout_layer_cave, minmay_temple_entry_arrows,
          kennysheep_generic_room_5, uniq_maggie
D:8:      old_forge, layout_rooms, hellmonk_lair_entry_icy, serial_demonic,
          serial_demonic_e, serial_demonic_b, serial_demonic_c,
          serial_demonic_e, uniq_maurice, uniq_joseph
Temple:   mainiacjoe_temple_big_plus

Skill      XL: |  1  2  3  4  5  6  7  8  9 10 |
---------------+-------------------------------+-----
Fighting       | 3 |  3.0
Dodging        | 3 |  3.0
Throwing       | 3 4 6 7 9 11 12 13 | 13.1
Invocations    | 6 7 |  7.8
Polearms       | |  3.0

Action                     |  1- 3 |  4- 6 |  7- 9 | 10-12 || total
---------------------------+-------+-------+-------+-------++-------
  Melee: Trident           |    99 |   176 |   313 |       ||   588
         Punch             |       |     3 |     3 |     2 ||     8
         Long sword        |       |       |    54 |    75 ||   129
  Throw: Dart              |     2 |    18 |    88 |    18 ||   126
         Large rock        |     1 |       |     2 |     3 ||     6
         Stone             |       |       |     7 |       ||     7
         Boomerang         |       |       |       |     4 ||     4
  Evoke: Wand              |       |       |    20 |     6 ||    26
    Use: Scroll            |       |     7 |    12 |     1 ||    20
         Potion            |       |     1 |     4 |     1 ||     6
   Stab: Sleeping          |       |     2 |     2 |       ||     4
         Distracted        |       |       |     1 |       ||     1
 Armour: Robe              |    19 |    35 |    80 |       ||   134
         Steam dragon scal |       |       |    50 |    80 ||   130
  Dodge: Dodged            |    42 |    71 |   294 |    87 ||   494

Table legend: (Time is in decaauts)
 A = Elapsed time spent in this place.
 B = Non-inter-level travel time spent in this place.
 C = Inter-level travel time spent in this place.
 D = Time resting spent in this place.
 E = Time spent auto-exploring this place.
 F = Levels seen in this place.
 G = Mean time per level.
                   A        B        C        D        E       F      G
               +--------+--------+--------+--------+--------+-----+--------+
         Total |   9563 |   9165 |    398 |   1026 |   5226 |  10 |  956.3 |
       Dungeon |   8984 |   8586 |    398 |   1002 |   4841 |   8 | 1123.0 |
        Temple |    429 |    429 |      0 |      0 |    385 |   1 |  429.0 |
         Sewer |    149 |    149 |      0 |     24 |      0 |   1 |  149.0 |
               +--------+--------+--------+--------+--------+-----+--------+

Top non-repeatable levels by time:
     D:7: 2223 daAuts
     D:6: 1387 daAuts
     D:4: 1155 daAuts
     D:3: 1050 daAuts
     D:2: 1033 daAuts
     D:1: 864 daAuts
     D:5: 808 daAuts
     D:8: 461 daAuts
  Temple: 429 daAuts
   Sewer: 149 daAuts
